 Dungeon Crawl Stone Soup version 0.30.0-16-gbe6223bb7e (webtiles) character file.

Game seed: 1301102769662161368

127 gelatine the Shooter (level 4, -2/34 HPs)
             Began as a Demonspawn Hunter on May 21, 2023.
             Slain by Grinder (5 damage)
             ... on level 3 of the Dungeon.
             The game lasted 00:05:49 (1474 turns).

gelatine the Shooter (Demonspawn Hunter)            Turns: 1474, Time: 00:05:50

Health: -2/34      AC:  4    Str: 11    XL:     4   Next: 85%
Magic:  4/4        EV: 12    Int: 10    God:
Gold:   40         SH:  0    Dex: 19    Spells: 3/3 levels left

rFire   . . .        p - +3 sling
rCold   . . .        (no shield)
rNeg    . . .        c - +0 leather armour
rPois   .            (helmet restricted)
rElec   .            (no cloak)
rCorr   .            d - +0 pair of gloves
SInv    .            (no boots)
Will    .....        (no amulet)
Stlth   ++           (no ring)
HPRegen 0.25/turn    (no ring)
MPRegen 0.09/turn

%: no passive effects
@: no status effects
A: horns 1
a: no special abilities


You were on level 3 of the Dungeon.
You visited 1 branch of the dungeon, and saw 3 of its levels.

You collected 60 gold pieces.
You spent 20 gold pieces at shops.

Inventory:

Hand Weapons
 a - a +0 shortbow
 p - a +3 sling (weapon)
Armour
 c - a +0 leather armour (worn)
 d - a +0 pair of gloves (worn)
Scrolls
 b - a scroll of immolation
 e - 2 scrolls of fear {unknown}
 h - 2 scrolls of vulnerability {unknown}
 m - a scroll of enchant weapon {unknown}
 q - a scroll of amnesia {unknown}
 r - a scroll of torment {unknown}
 t - 2 scrolls of poison {unknown}
Potions
 f - a potion of haste
 g - a potion of attraction
 j - 2 potions of lignification {unknown}
 k - a potion of invisibility
 l - 2 potions of curing {unknown}
 n - 2 potions of resistance {unknown}
 o - a potion of berserk rage
 s - a potion of mutation


   Skills:
 * Level 2.4 Fighting
 * Level 5.1 Ranged Weapons
 * Level 0.9 Armour
 * Level 2.1 Dodging
 * Level 1.4 Stealth


You had 3 spell levels left.
You didn't know any spells.
Your spell library contained the following spells:

 Spells                   Type           Power      Damage    Failure   Level
 Necrotise                Necr           0%         1d4       45%         1
 Shock                    Conj/Air       0%         1d3       45%         1
 Swiftness                Air            0%         N/A       83%         3
 Vampiric Draining        Necr           0%         2d6       83%         3
 Airstrike                Air            0%         2d(0-16)  99%         4
 Agony                    Necr           0%         N/A       100%        5


Dungeon Overview and Level Annotations

Branches:
Dungeon (3/15)

Altars:
Ru

Shops:
D:3 ?

Annotations:
D:3 Grinder


Innate Abilities, Weirdness & Mutations

You have a pair of small horns on your head.


Message History

Pain shoots through your body!
You shoot a sling bullet. The sling bullet barely misses Grinder.
Grinder says, "Mostly I couldn't keep them alive."
Grinder hits you but does no damage.
You shoot a sling bullet. The sling bullet hits Grinder.
Grinder is severely wounded.
Grinder gestures at you.
You suddenly lose the ability to move!
Grinder hits you but does no damage. Grinder hits you. Grinder gestures at you.
Pain shoots through your body!
Grinder blinks!
You can move again.
You are too injured to fight recklessly!
Fire: p) +3 sling
Press: ? - help, Q - select action Shift-Dir - straight line, f/p - Grinder
Aim: Grinder (severely wounded, 62% to hit)
You shoot a sling bullet. The sling bullet barely misses Grinder.
Fire: p) +3 sling
Press: ? - help, Q - select action Shift-Dir - straight line, f/p - Grinder
Aim: Grinder (severely wounded, 62% to hit)
You shoot a sling bullet. The sling bullet barely misses Grinder.
Fire: p) +3 sling
Press: ? - help, Q - select action Shift-Dir - straight line, f/p - Grinder
Aim: Grinder (severely wounded, 62% to hit)
You shoot a sling bullet. The sling bullet hits Grinder.
Grinder is almost dead.
Grinder hits you.
* * * LOW HITPOINT WARNING * * *
You writhe in agony.
* * * LOW HITPOINT WARNING * * *
Fire: p) +3 sling
Press: ? - help, Q - select action Shift-Dir - straight line, f/p - Grinder
Aim: Grinder (almost dead, 62% to hit)
You shoot a sling bullet.
The sling bullet closely misses Grinder.
Grinder hits you.
* * * LOW HITPOINT WARNING * * *
You writhe in agony.
You die...

#.# ########. #.#
#.......# #.# #.......#
#.# #.......# #.#
#.......# #.# #.......#
##.####### #...5...#
#........#
#....@..#####........#
#.......'...'........#
#####.......#####........#
#............# #........#
#............# #........#
#............# #.........
#............# #.........
#.......)....# #.........
#............# #.........


You could see Grinder.

Vanquished Creatures
  Jessica (D:2)
  6 adders
  A worm (D:2)
  A dart slug (D:2)
  6 endoplasms
  3 goblins
  4 hobgoblins
  3 jackals (D:1)
  7 ball pythons
  2 bats (D:1)
  4 frilled lizards
  4 kobolds
  3 rats
45 creatures vanquished.

Notes
Turn   | Place    | Note
-------+----------+-------------------------------------------
     0 | D:1      | gelatine the Demonspawn Hunter began the quest for the Orb.
     0 | D:1      | Reached XP level 1. HP: 16/16 MP: 1/1
    94 | D:1      | Found a faded altar of an unknown god.
   114 | D:1      | Reached skill level 4 in Ranged Weapons
   114 | D:1      | Reached skill level 1 in Stealth
   114 | D:1      | Gained mutation: You have a pair of small horns on your
                  | head. [demonic ancestry]
   114 | D:1      | Reached XP level 2. HP: 22/22 MP: 2/2
   687 | D:2      | Reached XP level 3. HP: 24/27 MP: 3/3
   906 | D:2      | Noticed Jessica
   918 | D:2      | Killed Jessica
   919 | D:2      | Reached XP level 4. HP: 17/33 MP: 4/4
  1034 | D:2      | Found a sacrificial altar of Ru.
  1282 | D:3      | Found Galocriv's Magic Scroll Boutique.
  1296 | D:3      | Bought a scroll of identify for 20 gold pieces
  1308 | D:3      | Reached skill level 5 in Ranged Weapons
  1453 | D:3      | Noticed Grinder
  1467 | D:3      | Paralysed by Grinder for 4 turns
  1474 | D:3      | Slain by Grinder

Illustrated notes

Levels and vault maps discovered:
D:1:      dpeg_arrival_round_c, layout_basic, ebering_ecumenical_altar_rust
D:2:      layout_rooms, basic_altar, uniq_jessica
D:3:      layout_basic, gammafunk_ghost_necromancy, serial_shops,
          nicolae_diamond_shop, nicolae_lakefront_shop, shop, shop,
          nicolae_shop_bloodbath_and_beyond, grunt_ministairs_12, uniq_grinder

Skill      XL: |  1  2  3  4 |
---------------+-------------+-----
Ranged Weapons | 4 5 |  5.1
Stealth        | 1 |  1.4
Dodging        | 2 |  2.1
Fighting       | |  2.4
Armour         | |  0.9

Action                     |  1- 3 |  4- 6 || total
---------------------------+-------+-------++-------
   Fire: Shortbow          |    58 |       ||    58
         Sling             |    29 |    54 ||    83
    Use: Scroll            |       |     6 ||     6
         Potion            |       |     1 ||     1
 Armour: Leather armour    |     8 |     5 ||    13
  Dodge: Dodged            |    21 |    11 ||    32
